 Dungeon Sprint DCSS version 0.30-a0-930-gb9d0489357 (webtiles) character file.

Game seed: 17687742905215692935

694 BigDaddyOpFi the Hill Orc Catastrophe (level 7, -10/69 HPs)
             Began as a Hill Orc Fighter on Mar 23, 2023.
             Was an Elder of Qazlal.
             Mangled by a boulder beetle (43 damage)
             ... in the Dungeon (Sprint VII: "The Pits").
             The game lasted 00:01:39 (976 turns).

BigDaddyOpFi the Hill Orc Catastrophe (HOFi)         Turns: 976, Time: 00:01:39

Health: -10/69     AC: 13    Str: 21    XL:     7   Next: 64%
Magic:  14/16      EV:  7    Int:  8    God:    Qazlal [****..]
Gold:   0          SH: 11    Dex: 10    Spells: 6/6 levels left

rFire   + . .      SeeInvis .    a - +0 war axe
rCold   . . .      Faith    .    c - +0 buckler
rNeg    . . .      Spirit   .    l - +3 chain mail {rF+}
rPois   .          Reflect  .    (no helmet)
rElec   .          Rampage  .    (no cloak)
rCorr   .          NoTele   +    (no gloves)
Will    .....                    (no boots) Stlth
                                 (no amulet)
HPRegen 0.31/turn                (no ring)
MPRegen 0.15/turn                (no ring)

@: repel missiles
A: no striking features
a: Renounce Religion, Upheaval, Elemental Force


You were in the Dungeon.
You worshipped Qazlal.
Qazlal was greatly pleased with you.
You visited 1 branch

Inventory:

Hand Weapons
 a - a +0 war axe (weapon)
Armour
 c - a +0 buckler (worn)
 l - a +3 chain mail of fire resistance (worn)
Potions
 d - a potion of might
 f - a potion of heal wounds
 g - a potion of haste
 h - 4 potions of magic
 i - a potion of berserk rage
 k - 2 potions of invisibility


   Skills:
 + Level 8.9 Fighting
 + Level 9.0 Axes
 + Level 8.0 Armour
 + Level 7.9 Shields
 * Level 12.0 Invocations


You had 6 spell levels left.
You didn't know any spells.
Your spell library was empty.

Dungeon Overview and Level Annotations

Branches:
Dungeon (1/1)

Altars:
Ashenzari
Cheibriados
Dithmenos
Elyvilon
Fedhas
Gozag
Hepliaklqana
Kikubaaqudgha
Makhleb
Nemelex Xobeh
Okawaru
Qazlal
Ru
Sif Muna
Trog
Uskayaw
Vehumet
Wu Jian
Xom
Yredelemnul
Zin
The Shining One
Beogh
Jiyva
Lugonu


Message History

The boulder beetle bites you.
You hit the boulder beetle but do no damage.
The boulder beetle is heavily wounded.
The boulder beetle bites you.
You hit the boulder beetle.
The boulder beetle is heavily wounded.
The boulder beetle bites you!
You barely miss the boulder beetle.
The boulder beetle is heavily wounded.
You block the boulder beetle's attack.
You barely miss the boulder beetle.
The boulder beetle is heavily wounded.
The boulder beetle leaps!
The boulder beetle curls into a ball and begins rolling!
There is an open door here.
Aiming: Upheaval
Press: ? - help, Dir - move target, f - boulder beetle
Aim: a boulder beetle (heavily wounded, rolling) Magma suddenly erupts from the ground!
The blast of magma engulfs the boulder beetle!!
The boulder beetle is severely wounded.
You can no longer call upon nature's wrath in a wide area around you.
You block the boulder beetle's attack.
The boulder beetle stops rolling and uncurls.
There is an open door, spattered with blood here.
You hit the boulder beetle but do no damage.
The boulder beetle is severely wounded.
Your protection from physical attacks is fading.
The boulder beetle bites you.
You hit the boulder beetle but do no damage.
The boulder beetle is severely wounded.
The boulder beetle bites you.
You slash the boulder beetle!
The boulder beetle is almost dead.
The boulder beetle leaps!
You feel less protected from physical attacks.
The boulder beetle curls into a ball and begins rolling!
The boulder beetle hits you!!!
Ouch! That really hurt!
You die...

#.##'#..#'###...<...#
#.#...)....##.......#
#.#........##.......#
#)###########.......#
#)).....# #########
#)###...# #)#.....#
#)#...#B#+#
#.....#@#.+
#...###.#'#
#.......'.#
###########


You could see a boulder beetle (rolling).

Vanquished Creatures
  A flying skull (D)
  A water moccasin (D)
  A floating eye (D)
  A gnoll sergeant (D)
  2 scorpions (D)
  2 orc priests (D)
  An iguana (D)
  Jessica (D)
  3 gnolls (D)
  An ufetubus (D)
  3 orcs (D)
  A bat zombie (D)
  A goblin (D)
  A quokka (D)
  A bat (D)
  A quokka skeleton (D)
  A rat (D)
23 creatures vanquished.

Notes
Turn   | Place    | Note
-------+----------+-------------------------------------------
     0 | D        | BigDaddyOpFi the Hill Orc Fighter began the quest for the
                  | Orb.
     0 | D        | Reached XP level 1. HP: 19/19 MP: 1/1
    14 | D        | Found a bloodstained altar of Trog.
    14 | D        | Found a shimmering blue altar of Sif Muna.
    14 | D        | Found a viscous altar of Jiyva.
    14 | D        | Found a hazy altar of Hepliaklqana.
    14 | D        | Found an opulent altar of Gozag.
    15 | D        | Found a glowing golden altar of the Shining One.
    15 | D        | Found a glowing silver altar of Zin.
    15 | D        | Found a basalt altar of Yredelemnul.
    15 | D        | Found a shimmering altar of Xom.
    15 | D        | Found an ornate altar of the Wu Jian Council.
    15 | D        | Found a sacrificial altar of Ru.
    15 | D        | Found a stormy altar of Qazlal.
    15 | D        | Found an iron altar of Okawaru.
    15 | D        | Found a sparkling altar of Nemelex Xobeh.
    15 | D        | Found a burning altar of Makhleb.
    15 | D        | Found a blossoming altar of Fedhas.
    15 | D        | Found a white marble altar of Elyvilon.
    15 | D        | Found a shadowy altar of Dithmenos.
    15 | D        | Found a snail-covered altar of Cheibriados.
    16 | D        | Found a radiant altar of Vehumet.
    16 | D        | Found a corrupted altar of Lugonu.
    16 | D        | Found a roughly hewn altar of Beogh.
    17 | D        | Found an ancient bone altar of Kikubaaqudgha.
    17 | D        | Found a hide-covered altar of Uskayaw.
    17 | D        | Found a broken altar of Ashenzari.
    20 | D        | Became a worshipper of Qazlal Stormbringer
    44 | D        | Noticed a scorpion
    52 | D        | Killed a scorpion
    53 | D        | Reached skill level 5 in Fighting
    53 | D        | Reached skill level 5 in Invocations
    53 | D        | Reached XP level 2. HP: 26/29 MP: 1/5
    53 | D        | Reached XP level 3. HP: 32/36 MP: 1/6
    53 | D        | Reached XP level 4. HP: 37/42 MP: 1/7
   207 | D        | Noticed a floating eye
   210 | D        | Reached * piety under Qazlal
   212 | D        | Paralysed by a floating eye for 4 turns
   214 | D        | Killed a floating eye
   215 | D        | Reached skill level 5 in Armour
   215 | D        | Reached skill level 5 in Shields
   215 | D        | Reached skill level 7 in Invocations
   215 | D        | Reached XP level 5. HP: 44/51 MP: 7/10
   273 | D        | Noticed a flying skull
   275 | D        | Reached ** piety under Qazlal
   300 | D        | Killed a flying skull
   301 | D        | Reached skill level 9 in Invocations
   301 | D        | Reached XP level 6. HP: 31/60 MP: 10/13
   624 | D        | Noticed Jessica
   627 | D        | Reached *** piety under Qazlal
   628 | D        | Reached skill level 10 in Invocations
   641 | D        | Reached **** piety under Qazlal
   642 | D        | Reached skill level 11 in Invocations
   642 | D        | Reached XP level 7. HP: 53/68 MP: 13/15
   657 | D        | HP: 2/68 [gnoll sergeant/+0 spear of venom (5)]
   669 | D        | Killed Jessica
   669 | D        | Reached ***** piety under Qazlal
   945 | D        | Reached skill level 12 in Invocations
   954 | D        | Noticed a boulder beetle
   976 | D        | Mangled by a boulder beetle

Illustrated notes

Levels and vault maps discovered:
D:        pitsprint [storerooms_1, entrance_room_1, metal_vault_3, armoury_3,
          mini_pit_1, grid_room_1, main_hall_1, silver_pit, the_coven_2,
          the_vestibule_1, steel_vault_5, golden_pit, hallway_of_sentries,
          crystal_vault_1, iron_vault_3, final_vault]

Skill      XL: |  1  2  3  4  5  6  7 |
---------------+----------------------+-----
Fighting       | 5 6 7 8 |  8.9
Axes           | 4 6 7 8 9 |  9.0
Armour         | 4 5 6 7 8 |  8.0
Shields        | 4 5 6 7 |  7.9
Invocations    | 5 7 9 11 12 | 12.0

Action                     |  1- 3 |  4- 6 |  7- 9 || total
---------------------------+-------+-------+-------++-------
  Melee: War axe           |     9 |    46 |    41 ||    96
 Invoke: Upheaval          |       |       |     3 ||     3
    Use: Potion            |       |     6 |     7 ||    13
         Scroll            |       |       |     1 ||     1
 Armour: Scale mail        |     5 |    19 |       ||    24
         Chain mail        |       |     9 |    20 ||    29
  Dodge: Dodged            |     5 |    18 |     8 ||    31
  Block: Buckler           |     3 |    26 |    33 ||    62

Table legend: (Time is in decaauts)
 A = Elapsed time spent in this place.
 B = Non-inter-level travel time spent in this place.
 C = Inter-level travel time spent in this place.
 D = Time resting spent in this place.
 E = Time spent auto-exploring this place.
 F = Levels seen in this place.
 G = Mean time per level.
                   A        B        C        D        E       F      G
               +--------+--------+--------+--------+--------+-----+--------+
         Total |   1011 |    990 |     21 |    726 |      0 |   1 | 1011.0 |
       Dungeon |   1011 |    990 |     21 |    726 |      0 |   1 | 1011.0 |
               +--------+--------+--------+--------+--------+-----+--------+

Top non-repeatable levels by time:
       D: 1011 daAuts
